 Dungeon Crawl Stone Soup version 0.26-a0-651-gb41185065b (webtiles) character file.

Game seed: 14170581207176519227

10 Lanoc the Sneak (level 2, -1/26 HPs)
             Began as a Draconian Delver on Oct 15, 2020.
             Slain by a white imp (4 damage)
             ... on level 5 of the Dungeon.
             The game lasted 00:00:43 (77 turns).

Lanoc the Sneak (Draconian Delver)                    Turns: 77, Time: 00:00:43

Health: -1/26      AC:  4    Str: 14    XL:     2   Next: 10%
Magic:  2/2        EV: 12    Int: 10    God:
Gold:   9          SH:  0    Dex: 12    Spells: 1/1 levels left

rFire    . . .     SeeInvis .   a - +0 falchion
rCold    . . .     Faith    .   (no shield)
rNeg     . . .     Spirit   .   (armour unavailable)
rPois    .         Reflect  .   (helmet restricted)
rElec    .         Harm     .   (no cloak)
rCorr    .         Rampage  .   (no gloves)
MR       .....                  (no boots)
Stlth    +++.......             (no amulet)
HPRegen  0.08/turn              (no ring)
MPRegen  0.08/turn              (no ring)

@: hasted, very quick
A: unfitting armour, cold-blooded, AC +4
a: no special abilities


You were on level 5 of the Dungeon.
You visited 1 branch of the dungeon, and saw 1 of its levels.

You collected 9 gold pieces.

Inventory:

Hand Weapons
 a - a +0 falchion (weapon)
Wands
 f - a wand of digging (3)
Scrolls
 b - a scroll of fog
 c - a scroll of magic mapping


   Skills:
 + Level 3.5 Fighting
 + Level 2.2 Long Blades
 + Level 2.0 Dodging
 + Level 4.6 Stealth


You had one spell level left.
You didn't know any spells.
Your spell library was empty.

Dungeon Overview and Level Annotations

Branches:
Dungeon (5/15)
 Temple: D:4-7

Altars:
Trog


Innate Abilities, Weirdness & Mutations

Your plain brown scales are hard. (AC +4)
You cannot fit into any form of body armour.
You are cold-blooded and may be slowed by cold attacks.


Message History

The white imp gestures at you. The puff of frost hits you.
* * * LOW HITPOINT WARNING * * *
You feel yourself speed up.
Okay, then.
As you read the scroll of fear, it crumbles to dust.
You assume a fearsome visage.
The gnoll looks frightened!
The white imp is unaffected.
The necrophage is unaffected.
The white imp hits you but does no damage.
You completely miss the white imp. The necrophage misses you.
You hit the white imp but do no damage.
The white imp hits you but does no damage.
The necrophage hits you.
* * * LOW HITPOINT WARNING * * *
You hit the white imp.
The white imp is moderately wounded.
The white imp hits you.
* * * LOW HITPOINT WARNING * * *
The white imp freezes you.
You die...

#[# ....# #.#
G..8.# #.#
.....# #.#
.....# #.#
._..## #g#
...## #.#
#.#########.###
#g....n@5......
###########.###


You could see a necrophage, a gnoll (fleeing) and a white imp.

Vanquished Creatures
  A gnoll (D:5)
  A ball python (D:5)
2 creatures vanquished.

Notes
Turn   | Place    | Note
-------+----------+-------------------------------------------
     0 | D:5      | Lanoc the Draconian Delver began the quest for the Orb.
     0 | D:5      | Reached XP level 1. HP: 19/19 MP: 1/1
    14 | D:5      | Noticed a water moccasin
    31 | D:5      | Noticed an eye of draining
    36 | D:5      | Found a bloodstained altar of Trog.
    36 | D:5      | Noticed an eye of draining
    36 | D:5      | Noticed a necrophage
    39 | D:5      | Reached XP level 2. HP: 25/26 MP: 0/2
    77 | D:5      | Slain by a white imp

Illustrated notes

Levels and vault maps discovered:
D:5:      layout_loops_ring, trog_eyes_of_draining, elyvilon_altar_4,
          serial_shops, nicolae_shop_waterfront, lemuel_old_faithful

Skill      XL: |  1 |
---------------+----+-----
Dodging        | 2 |  2.0
Fighting       | |  3.5
Long Blades    | |  2.2
Stealth        | |  4.6

Action                   || total
-------------------------++-------
Melee: Falchion          ||     9
       Tailslap          ||     1
  Use: Scroll            ||     1
       Potion            ||     1
Armor: Skin              ||     2
Dodge: Dodged            ||     6
       Rpst.: Falchion   ||     1

Table legend: (Time is in decaauts)
 A = Elapsed time spent in this place.
 B = Non-inter-level travel time spent in this place.
 C = Inter-level travel time spent in this place.
 D = Time resting spent in this place.
 E = Time spent auto-exploring this place.
 F = Levels seen in this place.
 G = Mean time per level.
                   A        B        C        D        E       F      G
               +--------+--------+--------+--------+--------+-----+--------+
         Total |     76 |     76 |      0 |      0 |     14 |   1 |   76.0 |
       Dungeon |     76 |     76 |      0 |      0 |     14 |   1 |   76.0 |
               +--------+--------+--------+--------+--------+-----+--------+

Top non-repeatable levels by time:
     D:5: 76 daAuts
